 Dungeon Crawl Stone Soup version 0.31-a0-240-gb923e448b6 (webtiles) character file.

Game seed: 3675994787990802396

67 qw the Shooter (level 4, -4/36 HPs)
             Began as a Minotaur Hexslinger on July 12, 2023.
             Slain by Grinder (7 damage)
             ... while paralysed by Grinder
             ... on level 3 of the Dungeon.
             The game lasted 00:00:33 (1525 turns).

qw the Shooter (Minotaur Hexslinger)                Turns: 1525, Time: 00:00:34

Health: -4/36      AC:  5    Str: 12    XL:     4   Next: 0%
Magic:  4/4        EV:  2    Int: 10    God:
Gold:   41         SH:  0    Dex: 15    Spells: 4/5 levels left

rFire   . . .        Y - +1 sling
rCold   . . .        (no shield)
rNeg    . . .        a - +0 ring mail
rPois   .            (helmet restricted)
rElec   .            (no cloak)
rCorr   +            (no gloves)
SInv    .            (no boots)
Will    .....        (no amulet)
Stlth   +            g - ring of resist corrosion
HPRegen 0.26/turn    (no ring)
MPRegen 0.09/turn

%: no passive effects
@: paralysed
A: horns 2, retaliatory headbutt
a: no special abilities


You were on level 3 of the Dungeon.
You visited 1 branch of the dungeon, and saw 3 of its levels.

You collected 41 gold pieces.


Innate Abilities, Weirdness & Mutations

You have a pair of horns on your head.
You reflexively headbutt those who attack you in melee.


   Skills:
 - Level 2.0 Fighting
 - Level 4.4 Ranged Weapons
 + Level 0.4 Armour
 - Level 2.1 Dodging
 - Level 1.0 Spellcasting
 - Level 2.0 Hexes


You had 4 spell levels left.
You knew the following spells:

 Your Spells              Type           Power      Damage    Failure   Level
a - Slow                  Hex            16%        N/A       34%         1

Your spell library contained the following spells:

 Spells                   Type           Power      Damage    Failure   Level
 Inner Flame              Hex/Fire       2%         N/A       83%         3
 Portal Projectile        Hex/Tloc       4%         N/A       83%         3
 Cause Fear               Hex            2%         N/A       98%         4

Inventory:

Hand Weapons
 Y - a +1 sling (weapon)
Armour
 a - a +0 ring mail (worn)
Jewellery
 g - a ring of resist corrosion (left hand)
 h - a ring of resist corrosion
Potions
 c - a potion of ambrosia {unknown}
 d - a potion of invisibility {unknown}
 f - a potion of heal wounds
 j - a potion of mutation {unknown}

Dungeon Overview and Level Annotations

Branches:
Dungeon (3/15)

Altars:
Nemelex Xobeh

Annotations:
D:3 Grinder


Message History

(D) Dungeon
Where to? (* - list waypoints, Enter - D:3, ? - help)
What level of the Dungeon? (default 1, ? - help)
You climb downwards.
The ball python closely misses you. x3
You furiously retaliate!
You headbutt the ball python!
You kill the ball python!
There is a stone staircase leading up here.
A hobgoblin comes into view.
The hobgoblin shouts!
You shoot a sling bullet.
The sling bullet closely misses the hobgoblin.
You shoot a sling bullet.
The sling bullet barely misses the hobgoblin.
The hobgoblin hits you.
You shoot a sling bullet. The sling bullet hits the hobgoblin.
You kill the hobgoblin!
A bat comes into view.
The bat moves out of view.
You have reached level 4!
You feel agile.
You start resting.
Grinder comes into view.
You shoot a sling bullet. The sling bullet hits Grinder!
Grinder is lightly wounded.
Grinder blinks!
You start resting.
Grinder is nearby!
You shoot a sling bullet. The sling bullet hits Grinder.
Grinder is moderately wounded.
Grinder hits you.
You writhe in agony.
You shoot a sling bullet. The sling bullet hits Grinder.
Grinder is moderately wounded.
Grinder completely misses you.
You shoot a sling bullet. The sling bullet barely misses Grinder.
Grinder hits you!
You shoot a sling bullet.
The sling bullet closely misses Grinder.
Grinder gestures at you.
You suddenly lose the ability to move!
Grinder hits you!
You writhe in agony.
Grinder hits you!
You die...

#.#.##
#....
#.#.##
#....#
#....#
#....###.
###........
#.@5# #%#.#
#.#<# #.###
#. #. .b #.


You could see Grinder and a bat (wandering).

Vanquished Creatures
  2 adders (D:2)
  2 worms (D:2)
  A dart slug (D:1)
  2 bats
  4 endoplasms (D:2)
  3 giant cockroaches
  A goblin (D:2)
  4 hobgoblins
  3 kobolds
  2 quokkas (D:1)
  6 ball pythons
  4 frilled lizards (D:1)
  9 rats
43 creatures vanquished.

Notes
Turn   | Place    | Note
-------+----------+-------------------------------------------
     0 | D:1      | qw the Minotaur Hexslinger began the quest for the Orb.
     0 | D:1      | Reached XP level 1. HP: 16/16 MP: 1/1
     0 | D:1      | 0 ||| qw: Version: 0.3-a-52-g30416fa
     0 | D:1      | 0 ||| qw: Game counter: 6155
     0 | D:1      | 0 ||| qw: Melee chars always use a shield: true
     0 | D:1      | 0 ||| qw: God list: Okawaru
     0 | D:1      | 0 ||| qw: Allow faded altars: false
     0 | D:1      | 0 ||| qw: Do Orc after clearing Dungeon:15 true
     0 | D:1      | 0 ||| qw: Do second Lair branch before Depths: true
     0 | D:1      | 0 ||| qw: Lair rune preference: random
     0 | D:1      | 0 ||| qw: Goals: Normal
     0 | D:1      | 0 ||| PLANNING D:1-11
    75 | D:1      | 75 ||| FLEEEEING.
   121 | D:1      | Reached skill level 3 in Ranged Weapons
   121 | D:1      | Reached XP level 2. HP: 23/23 MP: 2/2
   128 | D:1      | Found a faded altar of an unknown god.
   541 | D:1      | 541 ||| UPGRADING to +0 leather armour.
   551 | D:1      | 551 ||| DROPPING +0 robe.
   552 | D:1      | 552 ||| UPGRADING to ring of resist corrosion.
   553 | D:1      | 553 ||| READING scroll labelled GOER KICOTO.
   554 | D:1      | 554 ||| DROPPING scroll of poison.
   629 | D:2      | Found a sparkling altar of Nemelex Xobeh.
   636 | D:2      | Reached XP level 3. HP: 15/29 MP: 3/3
   637 | D:2      | HP: 6/29 [poisoned by an adder]
   966 | D:2      | Reached skill level 4 in Ranged Weapons
  1446 | D:2      | 1446 ||| UPGRADING to +0 ring mail.
  1456 | D:2      | 1456 ||| DROPPING +0 leather armour.
  1457 | D:2      | 1457 ||| READING scroll labelled YRAF HUOPUT.
  1458 | D:2      | 1458 ||| DRINKING 2 sapphire potions.
  1459 | D:2      | 1459 ||| DRINKING 2 green potions.
  1460 | D:2      | 1460 ||| DROPPING potion of attraction.
  1466 | D:3      | 1466 ||| STAIRDANCE
  1514 | D:3      | Reached XP level 4. HP: 34/36 MP: 4/4
  1515 | D:3      | Noticed Grinder
  1524 | D:3      | Paralysed by Grinder for 4 turns
  1524 | D:3      | HP: 9/36 [Grinder (9)]
  1524 | D:3      | HP: 3/36 [Grinder (6)]
  1525 | D:3      | Slain by Grinder

Levels and vault maps discovered:
D:1:      wheals_arrival_shading, layout_basic,
          hellmonk_ecumenical_altar_lost_god, due_unseen_surprise
D:2:      layout_loops_ring, basic_altar
D:3:      layout_basic, uniq_grinder, uniq_robin, uniq_crazy_yiuf_cottage

Skill      XL: |  1  2  3 |
---------------+----------+-----
Ranged Weapons | 3 4 |  4.4
Fighting       | 2 |  2.0
Armour         | |  0.4
Dodging        | |  2.1
Spellcasting   | |  1.0
Hexes          | |  2.0

Action                     |  1- 3 |  4- 6 || total
---------------------------+-------+-------++-------
   Fire: Sling             |   116 |     5 ||   121
    Use: Scroll            |     2 |       ||     2
         Potion            |     2 |       ||     2
 Armour: Robe              |     4 |       ||     4
         Leather armour    |     4 |       ||     4
  Dodge: Dodged            |    30 |     1 ||    31

Table legend:
 A = Non-vault XP
 B = Vault XP
 C = Vault XP percentage of total XP
 D = Non-vault monster count
 E = Vault monster count
 F = Vault count percentage of total count
                 A         B        C        D         E       F
            +---------+---------+-------+---------+---------+-------
      Total |      97 |       0 |   0.0 |      43 |       0 |   0.0
            +---------+---------+-------+---------+---------+-------
        D:1 |      33 |       0 |   0.0 |      21 |       0 |   0.0
        D:2 |      60 |       0 |   0.0 |      20 |       0 |   0.0
        D:3 |       4 |       0 |   0.0 |       2 |       0 |   0.0
            +---------+---------+-------+---------+---------+-------
